 Dungeon Crawl Stone Soup version 0.24-a0-433-gbe6fa4f6cc (webtiles) character file.

Game seed: 17481580923240799636

8437 ivs the Basher (level 11, -18/80 HPs)
             Began as a Demonspawn Gladiator on June 14, 2019.
             Was a Priest of Yredelemnul.
             Demolished by Psyche
             ... wielding a +2 dagger of chaos
              (19 damage)
             ... on level 9 of the Dungeon.
             The game lasted 01:06:43 (6362 turns).

ivs the Basher (Demonspawn Gladiator)               Turns: 6362, Time: 01:06:44

Health: -18/80     AC:  6    Str: 15    XL:     11   Next: 9%
Magic:  0/14       EV:  9    Int:  9    God:    Yredelemnul [***...]
Gold:   0          SH:  0    Dex: 18    Spells: 10/10 levels left

rFire    . . .     SeeInvis .   d - +2 great mace
rCold    . . .     Gourm    .   (shield currently unavailable)
rNeg     . . .     Faith    .   h - +0 chain mail
rPois    .         Spirit   +   r - +0 helmet (curse)
rElec    .         Reflect  .   a - scarf {Spirit}
rCorr    .         Harm     .   y - +0 pair of gloves (curse)
MR       .....                  (no boots)
Stlth    +.........             (no amulet)
HPRegen  0.23/turn              (no ring)
MPRegen  0.14/turn              (no ring)

@: lethally poisoned (-18 -> -26), corroded
A: molten scales 2, nightstalker 2
a: Recall Undead Slaves, Injury Mirror, Animate Dead, Renounce Religion


You were on level 9 of the Dungeon.
You worshipped Yredelemnul.
Yredelemnul was most pleased with you.
You were not hungry.

You visited 2 branches of the dungeon, and saw 14 of its levels.

Inventory:

Hand Weapons
 d - a +2 great mace (weapon)
Armour
 a - a scarf of spirit shield (worn)
 h - a +0 chain mail (worn)
 r - a cursed +0 helmet (worn)
 y - a cursed +0 pair of gloves (worn)
Jewellery
 v - an uncursed ring of fire
Wands
 u - a wand of enslavement (10)
Scrolls
 g - 4 scrolls of amnesia {unknown}
 n - 4 scrolls of remove curse
 s - 2 scrolls of immolation {unknown}
 w - a scroll of enchant armour {unknown}
Potions
 k - a potion of flight
 l - a potion of brilliance
 m - a potion of berserk rage {unknown}
Comestibles
 f - 10 rations


   Skills:
 - Level 5.2 Fighting
   Level 1.9(6.0) Short Blades
   Level 9.0(9.1) Long Blades
 * Level 9.7 Maces & Flails
 - Level 1.7 Throwing
 - Level 2.3 Armour
 + Level 5.9 Dodging
 - Level 3.0 Invocations
 - Level 4.2 Evocations


You had 10 spell levels left.
You didn't know any spells.
Your spell library contained the following spells:

 Spells                   Type           Power        Failure   Level  Hunger
 Corona                   Hex            #......      100%        1    ##.....
 Freeze                   Ice            #...         100%        1    ##.....
 Summon Small Mammal      Summ           #...         100%        1    ##.....
 Call Imp                 Summ           #.......     100%        2    ###....
 Ensorcelled Hibernation  Hex/Ice        #.....       100%        2    ###....
 Throw Frost              Conj/Ice       #.....       100%        2    ###....
 Call Canine Familiar     Summ           #.......     100%        3    ####...
 Confuse                  Hex            #.......     100%        3    ####...
 Dazzling Spray           Conj/Hex       #.....       100%        3    ####...
 Ozocubu's Armour         Chrm/Ice       #.......     100%        3    ####...
 Summon Guardian Golem    Hex/Summ       #.......     100%        3    ####...
 Tukima's Dance           Hex            #.......     100%        3    ####...
 Summon Ice Beast         Ice/Summ       #.......     100%        4    #####..
 Summon Lightning Spire   Summ/Air       #.......     100%        4    #####..
 Throw Icicle             Conj/Ice       #.......     100%        4    #####..


Dungeon Overview and Level Annotations

Branches:
Dungeon (13/15)            Temple (1/1) D:6            Lair (0/6) D:8
    Orc (0/2) D:12
 Vaults: D:13-14

Altars:
Cheibriados
Dithmenos
Fedhas
Nemelex Xobeh
Qazlal
Ru
Sif Muna
Trog
Uskayaw
Vehumet
Wu Jian
Xom
Yredelemnul

Annotations:
D:6 Pikel
D:7 2 transporters, Amnesiac's ghost, novice OpTm
D:9 Psyche
D:10 Maurice


Innate Abilities, Weirdness & Mutations

You are mostly covered in molten scales. (AC +3)
You are significantly more attuned to the shadows.


Message History

Okay, then.
Unknown command.
You sock the brown ugly thing!
The brown ugly thing is severely wounded.
You feel sick.
Psyche hits you with a +2 dagger of chaos. x2
The brown ugly thing punches you!
* * * LOW HITPOINT WARNING * * *
The acid corrodes you!
You are splashed with acid!
* * * LOW HITPOINT WARNING * * *
You closely miss the brown ugly thing.
The brown ugly thing is severely wounded.
You feel sick. Psyche barely misses you. Psyche hits you but does no damage.
The brown ugly thing punches you!
* * * LOW HITPOINT WARNING * * *
You are splashed with acid!
* * * LOW HITPOINT WARNING * * *
Psyche hits you but does no damage.
You are electrocuted!!
You die...
Your body rises from the dead as a mindless zombie.

#..... ### ....# #
#..##...# .# ...#...#..#
#.# ## #........# #.. ##. .
#. ##..@.)..# ..# ...
..#..##..@u...(.##.##.#
.....#..........#..#..##.
..................)(.....
..........####..#.(.# ..
.......[....####.).##....#
.#................<......#.
#.....................##...
##...............#######...


You could see a brown ugly thing and Psyche.

Vanquished Creatures
  An ugly thing (D:11)
  An elephant (D:9)
  A yaktaur (D:13)
  A troll (D:9)
  2 hippogriffs
  9 yaks
  2 basilisks
  A wraith (D:10)
  3 humans
  A hungry ghost (D:11)
  Duvessa (D:7)
  2 sky beasts (D:10)
  A slave (D:6)
  A black bear (D:11)
  3 necrophages
  3 orc warriors
  An eye of draining (D:10)
  2 ice beasts (D:7)
  2 phantoms
  3 centaurs
  A crocodile (D:7)
  5 bullfrogs
  A wyvern zombie (D:10)
  2 big kobolds
  2 scorpions
  Dowan (D:7)
  3 killer bees (D:11)
  4 wights (D:9)
  2 howler monkeys
  3 crimson imps
  2 bullfrog zombies
  2 centaur skeletons
  6 hounds
  A quasit (D:10)
  3 centaur zombies
  A jelly (D:5)
  An orc priest (D:5)
  A bullfrog skeleton (D:7)
  3 orc wizards
  5 iguanas
  4 worker ants
  A hound skeleton (D:7)
  4 adders
  A shadow imp (D:8)
  An adder skeleton (D:4)
  An adder zombie (D:5)
  3 dart slugs (D:1)
  2 leopard geckos
  22 orcs
  3 bats (D:1)
  11 giant cockroaches
  5 goblins
  6 hobgoblins
  2 jackals (D:11)
  2 quokkas
  3 frilled lizards
  12 kobolds
  A quokka skeleton (D:6)
  2 rats (D:1)
176 creatures vanquished.

Vanquished Creatures (collateral kills)
  A howler monkey (D:10)
1 creature vanquished.

Vanquished Creatures (others)
  A black bear zombie (D:11)
  2 orcs (D:13)
3 creatures vanquished.

Grand Total: 180 creatures vanquished

Notes
Turn   | Place    | Note
-------+----------+-------------------------------------------
     0 | D:1      | ivs the Demonspawn Gladiator began the quest for the Orb.
     0 | D:1      | Reached XP level 1. HP: 16/16 MP: 1/1
   157 | D:1      | Gained mutation: You are slightly more attuned to the
                  | shadows. [demonic ancestry]
   157 | D:1      | Reached XP level 2. HP: 22/22 MP: 2/2
   320 | D:1      | Reached XP level 3. HP: 25/27 MP: 3/3
   699 | D:3      | Gained mutation: You are partially covered in molten
                  | scales. (AC +2) [demonic ancestry]
   699 | D:3      | Reached XP level 4. HP: 26/33 MP: 4/4
   845 | D:4      | Reached skill level 5 in Long Blades
   873 | D:4      | Reached XP level 5. HP: 4/38 MP: 5/5
  1031 | D:4      | Noticed a phantom
  1331 | D:5      | Entered Level 5 of the Dungeon
  1394 | D:5      | Gained mutation: You are mostly covered in molten scales.
                  | (AC +3) [demonic ancestry]
  1394 | D:5      | Reached XP level 6. HP: 38/45 MP: 6/6
  1427 | D:5      | Reached skill level 1 in Armour
  1509 | D:5      | Reached skill level 1 in Short Blades
  1594 | D:5      | Reached XP level 7. HP: 10/50 MP: 7/7
  1849 | D:6      | Found a staircase to the Ecumenical Temple.
  1857 | Temple   | Entered the Ecumenical Temple
  1903 | Temple   | Became a worshipper of Yredelemnul the Dark
  1939 | D:6      | Noticed Pikel
  2155 | D:6      | Reached skill level 1 in Evocations
  2224 | D:7      | Found a sacrificial altar of Ru.
  2224 | D:7      | Found a bloodstained altar of Trog.
  2224 | D:7      | Found a radiant altar of Vehumet.
  2497 | D:7      | Found a transporter.
  2497 | D:7      | Noticed Amnesiac's ghost (novice OpTm)
  2499 | D:7      | Noticed a moth of wrath
  2604 | D:7      | Noticed Dowan
  2611 | D:7      | Killed Dowan
  2611 | D:7      | Reached XP level 8. HP: 36/57 MP: 9/9
  2770 | D:7      | Found a shimmering altar of Xom.
  2959 | D:7      | Noticed Duvessa
  2962 | D:7      | Killed Duvessa
  3043 | D:7      | Found a transporter.
  3043 | D:7      | Noticed a hippogriff
  3045 | D:7      | Noticed a hippogriff
  3068 | D:8      | Noticed an elephant
  3071 | D:8      | Noticed a hippogriff
  3087 | D:8      | Reached * piety under Yredelemnul
  3095 | D:8      | Reached skill level 5 in Fighting
  3122 | D:9      | Noticed a troll
  3126 | D:9      | Killed a troll
  3162 | D:10     | Entered Level 10 of the Dungeon
  3440 | D:9      | Noticed Psyche
  3480 | D:10     | Reached XP level 9. HP: 49/65 MP: 0/11
  3755 | D:8      | Reached skill level 1 in Maces & Flails
  3928 | D:8      | Found a staircase to the Lair.
  4068 | D:9      | Reached skill level 1 in Invocations
  4147 | D:10     | Noticed a two-headed ogre
  4174 | D:10     | Reached skill level 5 in Maces & Flails
  4305 | D:11     | Noticed Maurice
  4313 | D:11     | Noticed a brown ugly thing
  4328 | D:10     | Reached ** piety under Yredelemnul
  4439 | D:10     | Reached XP level 10. HP: 31/70 MP: 10/13
  4683 | D:12     | Found a staircase to the Orcish Mines.
  4934 | D:13     | Noticed a centaur warrior
  4991 | D:12     | Noticed a green ugly thing
  5015 | D:11     | Killed a green ugly thing
  5135 | D:11     | Reached skill level 5 in Dodging
  5239 | D:11     | Reached *** piety under Yredelemnul
  5470 | D:9      | HP: 2/74 [elephant (5)]
  5471 | D:9      | Killed an elephant
  5998 | D:10     | Gained mutation: You are significantly more attuned to the
                  | shadows. [demonic ancestry]
  5998 | D:10     | Reached XP level 11. HP: 65/80 MP: 10/14
  6071 | D:10     | HP: 4/80 [yak (3)]
  6362 | D:9      | HP: 1/80 [acid (5)]
  6362 | D:9      | Demolished by Psyche

Levels and vault maps discovered:
D:1:      shiori_arrival_elements, layout_loops_ring
D:2:      layout_basic, elyvilon_altar_3
D:3:      layout_basic, first_ration, kennysheep_generic_room_8
D:4:      minmay_diamond_boxcup, layout_basic
D:5:      layout_loops_ring
D:6:      layout_rooms, minmay_temple_entry_antechambers, uniq_pikel
D:7:      layout_loops_ring, lemuel_doored_altar,
          chequers_temple_overflow_statue_of_worship,
          gammafunk_ghost_berserking_beasts, grunt_ogre_cave, uniq_duvessa
D:8:      layout_basic, david_lair_generic
D:9:      layout_cave_pools, marbit_many_paths, basic_altar, uniq_psyche
D:10:     layout_irregular_city, nrook_mini_backslash, uniq_nergalle, uniq_urug
D:11:     layout_basic, gauntlet_entry_generic, uniq_maurice
D:12:     layout_grid_maze, david_orc_2, minivault_22, lemuel_angel_altar
D:13:     layout_layer_cave, david_vaults_3, basic_altar, lemuel_flamethrower_3
Temple:   eino_temple_scatter_basement

Skill      XL: |  1  2  3  4  5  6  7  8  9 10 |
---------------+-------------------------------+-----
Long Blades    | 3 4 5 7 8 9 |  9.0
Armour         | 2 |  2.3
Short Blades   | 1 |  1.9
Fighting       | 3 4 5 |  5.2
Evocations     | 2 3 4 |  4.2
Dodging        | 3 5 |  5.9
Maces & Flails | 6 9 |  9.7
Invocations    | 1 3 |  3.0
Throwing       | |  1.7

Action                   |  1- 3 |  4- 6 |  7- 9 | 10-12 || total
-------------------------+-------+-------+-------+-------++-------
Melee: Long sword        |    87 |   108 |   233 |       ||   428
       Short sword       |       |    92 |       |       ||    92
       Great mace        |       |       |   114 |   287 ||   401
Throw: Throwing net      |       |     8 |       |       ||     8
       Dart              |       |       |       |     6 ||     6
Invok: Animate Dead      |       |       |       |     1 ||     1
Evoke: Wand              |       |       |    47 |    22 ||    69
  Use: Potion            |       |     5 |     3 |     2 ||    10
       Scroll            |       |     4 |     8 |     3 ||    15
 Stab: Held in net/web   |       |     2 |       |       ||     2
       Distracted        |       |       |       |     1 ||     1
  Eat: Chunk             |       |     3 |     3 |     8 ||    14
       Ration            |       |       |     2 |       ||     2
Armor: Chain mail        |    50 |    97 |   256 |   197 ||   600
       Leather armour    |     1 |       |       |       ||     1
Dodge: Dodged            |    27 |    62 |   187 |   147 ||   423
       Rpst.: Long sword |    10 |     7 |    35 |       ||    52

Table legend:
 A = Non-vault XP
 B = Vault XP
 C = Vault XP percentage of total XP
 D = Non-vault monster count
 E = Vault monster count
 F = Vault count percentage of total count
                 A         B        C        D         E       F
            +---------+---------+-------+---------+---------+-------
      Total |    9757 |    2296 |  19.0 |     155 |      21 |  11.9
            +---------+---------+-------+---------+---------+-------
        D:1 |      46 |       0 |   0.0 |      24 |       0 |   0.0
        D:2 |       7 |       0 |   0.0 |       4 |       0 |   0.0
        D:3 |      69 |       0 |   0.0 |       8 |       0 |   0.0
        D:4 |     125 |      91 |  42.1 |       7 |       5 |  41.7
        D:5 |     678 |       0 |   0.0 |      16 |       0 |   0.0
        D:6 |     132 |       0 |   0.0 |       3 |       0 |   0.0
        D:7 |     594 |     589 |  49.8 |      14 |       4 |  22.2
        D:8 |     643 |     193 |  23.1 |      10 |       1 |   9.1
        D:9 |     838 |     484 |  36.6 |      11 |       1 |   8.3
       D:10 |    3616 |       0 |   0.0 |      29 |       0 |   0.0
       D:11 |    2579 |       0 |   0.0 |      26 |       0 |   0.0
       D:12 |       3 |     203 |  98.5 |       1 |       7 |  87.5
       D:13 |     427 |     736 |  63.3 |       2 |       3 |  60.0
            +---------+---------+-------+---------+---------+-------
